 Dungeon Crawl Stone Soup version 0.16.1-51-g6203257 (webtiles) character file.

134171 RepoMan the Basher (level 17, 0/134 (136) HPs)
             Began as a Ghoul Wanderer on July 24, 2015.
             Was the Champion of Kikubaaqudgha.
             Slain by a thorn hunter (4 damage)
             ... in a wizard's laboratory on July 31, 2015.
             The game lasted 08:59:03 (36634 turns).

RepoMan the Basher (Ghoul Wanderer)                Turns: 36634, Time: 08:59:04

HP:   0/134 (136)   AC: 24    Str: 24    XL:     17   Next: 16%
MP:   9/34          EV: 18    Int: 11    God:    Kikubaaqudgha [******]
Gold: 1623          SH:  0    Dex: 13    Spells: 11 memorised, 2 levels left

rFire  + . .     SeeInvis .     a - +1 mace (protect)
rCold  + . .     Clarity  +     t - +3 scale mail {rF+}
rNeg   + + +     SustAb   .     (no shield)
rPois  ∞         Gourm    .     x - +1 helmet
rElec  .         Spirit   .     p - +2 cloak {+Inv}
rCorr  .         Warding  .     (no gloves)
rMut   .         Stasis   .     N - +0 pair of boots
MR     +....                    P - amulet of clarity
Stlth  +.........               k - ring of wizardry
                                R - +6 ring of slaying

@: mighty, agile, about to teleport, very slightly contaminated, rotting,
hasted, very quick, somewhat resistant to hostile enchantments, very unstealthy
A: rotting body, claws 1, carnivore 3, cold resistance 1, negative energy
resistance 3, poison resistance, slow healing 1, torment resistance, unbreathing
a: Receive Corpses, Torment, Renounce Religion, Evoke Invisibility


You were in a wizard's laboratory.
You worshipped Kikubaaqudgha.
Kikubaaqudgha was exalted by your worship.
You were not hungry.

You visited 5 branches of the dungeon, and saw 29 of its levels.
You also visited: Bailey, Ice Cave, Volcano and Wizlab.

You collected 2759 gold pieces.
You spent 1136 gold pieces at shops.

Inventory:

Hand weapons
 a - a +1 mace of protection (weapon)
 v - a +0 blowgun
 Y - a +0 great mace
Missiles
 j - 53 poisoned needles
 w - 3 curare-tipped needles
Armour
 d - a +0 chain mail of cold resistance
 f - a +2 robe of positive energy
 o - a +1 plate armour of fire resistance
 p - a +2 cloak of invisibility (worn)
 r - a +3 chain mail
 t - a +3 scale mail of fire resistance (worn)
 x - a +1 helmet (worn)
 E - a +2 buckler
 N - a +0 pair of boots (worn)
Jewellery
 k - a ring of wizardry (right claw)
 z - an uncursed ring of see invisible
 D - an uncursed amulet of resist corrosion
 L - an uncursed amulet of stasis
 M - an uncursed ring of flight
 P - an amulet of clarity (around neck)
 R - a +6 ring of slaying (left claw)
Magical devices
 W - a wand of digging (3)
 Z - a wand of fire (0)
Scrolls
 h - 2 scrolls of fog
 i - 3 scrolls of recharging
 u - 4 scrolls of teleportation
 y - 8 scrolls of identify
 C - 3 scrolls of amnesia
 I - 6 scrolls of remove curse
Potions
 e - a potion of restore abilities
 s - 3 potions of flight
 B - 2 potions of cancellation
 H - a potion of brilliance
 U - 3 potions of resistance
Books
 A - the Almanac of Shifting Good Luck
   (You bought it in a shop on level 4 of the Orcish Mines)

   Spells                             Type                      Level
   a - Song of Slaying                Charms                       2
   b - Ozocubu's Armour               Charms/Ice                   3
   c - Passwall                       Transmutation/Earth          3
   d - Irradiate                      Conjuration/Transmutation    5
   e - Ring of Flames                 Charms/Fire                  7
Comestibles
 g - 10 meat rations


   Skills:
 + Level 8.6 Fighting
 + Level 12.8 Maces & Flails
   Level 2.1 Crossbows
 - Level 1.0 Throwing
 * Level 11.2 Armour
 - Level 6.7 Dodging
 - Level 1.0 Shields
 * Level 11.2 Spellcasting
 * Level 7.1 Conjurations
 + Level 11.7 Necromancy
 - Level 1.6 Translocations
 * Level 0.5 Transmutations
   Level 1.1 Ice Magic
   Level 2.0 Poison Magic
 - Level 2.6 Evocations


You had 2 spell levels left.
You knew the following spells:

 Your Spells              Type           Power        Failure   Level  Hunger
a - Apportation           Tloc           #.........   6%          1    None
b - Blink                 Tloc           N/A          9%          2    None
c - Cigotuvi's Embrace    Necr           ####......   2%          5    #####..
d - Corpse Rot            Necr           N/A          1%          2    None
e - Animate Skeleton      Necr           N/A          1%          1    None
f - Bolt of Draining      Conj/Necr      ####......   6%          5    #####..
i - Irradiate             Conj/Trmt      ##........   71%         5    #####..
r - Regeneration          Chrm/Necr      ###.......   3%          3    ##.....
u - Control Undead        Necr           ####......   1%          4    ####...
v - Vampiric Draining     Necr           ####......   1%          3    ##.....
z - Dispel Undead         Necr           ####....     2%          5    #####..


Dungeon Overview and Level Annotations

Branches:
Dungeon (15/15)            Temple (1/1) D:5            Lair (8/8) D:8
  Swamp (0/5) Lair:5        Snake (0/5) Lair:3        Slime (0/6) Lair:8
    Orc (4/4) D:10            Elf (1/3) Orc:4        Vaults (0/5) D:13
 Depths: D:15

Altars:
Ashenzari
Cheibriados
Dithmenos
Elyvilon
Fedhas
Gozag
Kikubaaqudgha
Makhleb
Nemelex Xobeh
Okawaru
Qazlal
Ru
Sif Muna
Trog
Vehumet
Xom
Yredelemnul
Zin
The Shining One
Beogh

Shops:
D:4 *   Orc:2 !   Orc:4 *[:(

Annotations:
Lair:5 exclusion: 4 oklob plants


Innate Abilities, Weirdness & Mutations

Your body is rotting away.
You thrive on raw meat.
You have sharp fingernails.
You are carnivorous and can eat meat at any time.
Your flesh is cold resistant.
You are immune to negative energy.
Your system is resistant to poisons.
You heal slowly when monsters are visible.
You are immune to unholy pain and torment.
You can survive without breathing.


Message History

Use which ability? (? or * to list) Kikubaaqudgha delivers you corpses!
You feel slightly more hungry.
The thorn hunter fires a volley of thorns at you.
The volley of thorns hits you!
* * * LOW HITPOINT WARNING * * *
Press: ? - help, v - describe, . - travel, g - get item
Here: a thorn hunter (severely damaged)
A human corpse.
The grass-covered ground.
Unknown command.
Unknown command.
Casting: Bolt of Draining
Confirm with . or Enter, or press ? or * to list all spells.
You smell decay.
The thorn hunter is engulfed in dark miasma.
The thorn hunter hits you but does no damage.
The thorn hunter hits you.
You die...
Kikubaaqudgha rasps: "You have failed me!
Welcome... oblivion!"

♣♣♣♣♣♣ ♣♣♣ ♣♣♣♣♣....... ...
♣♣.....♣ ♣♣♣♣.♣♣♣♣
♣♣.(♣♣.♣♣♣♣♣♣♣♣ .......♣♣
.).♣∩♣......... 8.∩.8..
♣♣..♣♣.♣♣♣♣♣♣♣♣ ....
♣♣.....♣♣♣♣♣♣♣♣♣♣♣♣.♣♣♣♣♣♣♣♣
♣♣♣♣♣...PP...§@fcc§........
♣♣♣♣♣♣♣♣♣♣♣♣♣♣§♣♣♣♣♣♣♣♣
#..c♣ ♣..⌠..♣ cc..♣....♣
..♣#.....#♣.. ♣♣ ♣##∩##♣ ♣
f. ..


You could see a thorn hunter, a satyr and a centaur.

Vanquished Creatures
  The ghost of CcS the Brawler, a powerful DDNe of Cheibriados (D:13)
  2 orc warlords
  The ghost of Loynis the Basher, a powerful FoFi of Okawaru (Lair:3)
  2 vault guards (D:13)
  5 hydras
  Nessos (D:11)
  2 catoblepae (Lair:8)
  5 centaur warriors
  14 death yaks
  Urug (D:11)
  2 orc high priests
  Nergalle (D:10)
  A deep elf knight (Elf:1)
  3 wizards (D:13)
  An unseen horror (D:12)
  2 ice statues (IceCv)
  A hill giant (D:12)
  2 deep elf conjurers (Elf:1)
  An orb spider (shapeshifter) (D:13)
  6 orc sorcerers
  2 griffons
  3 orc knights
  A faun (WizLab)
  4 elephants (Lair:7)
  5 ugly things
  A torpor snail (Lair:7)
  5 spiny frogs
  Psyche (D:10)
  3 fire drakes
  4 black mambas
  4 komodo dragons
  A freezing wraith (D:14)
  A yaktaur (D:15)
  A deep elf priest (Elf:1)
  4 wandering mushrooms (D:8)
  7 trolls
  A human zombie (D:13)
  Sonja (D:14)
  A giant leech (Lair:4)
  5 slime creatures
  A hornet zombie (D:15)
  6 blink frogs
  A raven (D:14)
  2 basilisks
  3 deep elf magi (Elf:1)
  12 humans (D:13)
  62 yaks
  9 wolves
  9 hippogriffs
  A hungry ghost (D:10)
  A wraith (D:10)
  3 deep elf fighters (Elf:1)
  3 nagas (Lair:3)
  A mottled dragon (D:11)
  A swamp worm (Lair:5)
  8 water moccasins
  2 wargs (D:8)
  2 necrophages
  42 orc warriors
  7 porcupines
  5 ogres
  A phantom (D:9)
  2 sky beasts
  9 ice beasts
  An electric eel (D:9)
  2 boring beetles
  9 centaurs
  13 crocodiles
  3 big kobolds
  12 giant frogs
  20 killer bees
  5 scorpions
  2 wyvern skeletons
  A yak skeleton (D:13)
  2 oklob saplings (D:8)
  8 crimson imps
  10 wights
  11 jellies
  A quasit (D:10)
  2 gnoll shamans
  A goliath beetle (D:6)
  2 giant frog skeletons
  27 orc priests
  7 hounds
  3 centaur zombies
  4 iguanas
  35 orc wizards
  4 worker ants
  18 sheep
  2 spectral orcs (D:10)
  A killer bee zombie (D:6)
  8 hell rats (Lair:4)
  2 hound skeletons (D:6)
  Robin (D:3)
  17 adders
  13 gnolls
  2 orc zombies
  A giant mite (D:10)
  2 shadow imps
  48 river rats
  A worm (D:3)
  An adder skeleton (D:4)
  2 iguana skeletons (D:13)
  4 giant geckos
  2 oozes
  206 orcs
  8 giant cockroaches
  36 goblins
  29 hobgoblins
  3 jackals (D:3)
  3 ball pythons
  15 bats
  2 giant gecko skeletons (D:4)
  A giant gecko zombie (D:6)
  9 giant newts
  29 kobolds
  15 quokkas
  A quokka zombie (D:5)
  27 rats
  A ballistomycete (D:9)
  A butterfly (D:10)
  8 fungi
  3 plants
1009 creatures vanquished.

Vanquished Creatures (collateral kills)
  Harold (D:10)
  A hydra (Lair:7)
  2 catoblepae
  6 death yaks
  A tengu warrior (D:14)
  5 hill giants
  3 orc knights
  A necromancer (D:13)
  A cyclops (D:11)
  3 elephants
  A centaur zombie (D:10)
  3 black mambas
  A black mamba (shapeshifter) (D:13)
  A gargoyle (D:12)
  4 spiny frogs
  5 komodo dragons
  A basilisk (Lair:1)
  A fire drake (Lair:8)
  2 wyverns
  A troll (D:10)
  A queen bee (Lair:3)
  6 blink frogs
  A raven (D:14)
  A shadow (D:14)
  4 humans
  26 yaks
  5 hippogriffs
  3 wolves
  9 water moccasins
  5 porcupines
  7 orc warriors
  3 ogres
  2 sky beasts
  A necrophage (D:8)
  9 giant frogs
  7 crocodiles
  3 killer bees (Lair:3)
  A wight (D:8)
  A quasit (D:9)
  A scorpion (D:10)
  3 crimson imps
  A goliath beetle (D:10)
  2 orc priests
  A giant frog zombie (D:12)
  A hound (Lair:4)
  3 iguanas
  A jelly (D:13)
  2 worker ants (D:10)
  2 hell rats (Lair:4)
  4 orc wizards
  11 sheep
  A worker ant zombie (D:10)
  An orc zombie (Orc:4)
  4 adders
  37 river rats
  A giant mite (D:10)
  49 orcs
  A giant cockroach (D:10)
  A goblin (Orc:3)
  2 hobgoblins
  3 quokkas (Lair:3)
  A giant newt skeleton (D:13)
  A goblin zombie (Orc:4)
  A kobold (D:10)
  5 rats
  A butterfly (D:10)
  16 fungi
  3 plants
299 creatures vanquished.

Vanquished Creatures (others)
  A wizard (D:13)
  An ugly thing skeleton (D:14)
  5 death yak skeletons
  A catoblepas skeleton (Lair:8)
  2 hydra skeletons
  5 black mamba skeletons
  A yak (D:12)
  2 hill giant skeletons (D:12)
  A porcupine (Lair:2)
  A water moccasin (Lair:2)
  2 spiny frog skeletons
  2 elephant skeletons
  6 blink frog skeletons
  6 human skeletons
  2 fire drake skeletons
  3 komodo dragon skeletons
  5 water moccasin skeletons
  21 yak skeletons
  5 hippogriff skeletons
  A warg skeleton (D:8)
  2 troll skeletons (Orc:4)
  4 wolf skeletons
  3 centaur skeletons
  2 orc wizards
  3 elf skeletons (Elf:1)
  A hound (D:13)
  A basilisk skeleton (D:10)
  7 giant frog skeletons
  3 porcupine skeletons
  A big kobold skeleton (D:9)
  2 necrophage skeletons
  8 crocodile skeletons
  4 ogre skeletons
  3 hound skeletons
  4 hell rat skeletons (Lair:4)
  An orc zombie (Volcano)
  7 sheep skeletons
  3 adder skeletons
  3 iguana skeletons
  An orc (Bailey)
  2 giant spores (D:9)
  2 gnoll skeletons (Orc:3)
  2 goblin skeletons (Orc:3)
  5 hobgoblin skeletons
  8 kobold skeletons
  128 orc skeletons
  4 quokka skeletons
  8 rat skeletons
  28 river rat skeletons
  5 ballistomycetes (D:9)
  3 bushes (Lair:8)
  27 fungi
  13 plants
371 creatures vanquished.

Grand Total: 1679 creatures vanquished

Notes
Turn   | Place    | Note
--------------------------------------------------------------
     0 | D:1      | RepoMan, the Ghoul Wanderer, began the quest for the Orb.
     0 | D:1      | RepoMan set off with: a +2 hand crossbow, a +0 mace, a +0 ring mail, 23 bolts
     0 | D:1      | Reached XP level 1. HP: 17/17 MP: 1/1
   197 | D:1      | Reached XP level 2. HP: 11/24 MP: 2/2
   502 | D:1      | Reached skill level 1 in Maces & Flails
   743 | D:2      | Reached XP level 3. HP: 12/29 MP: 3/3
   992 | D:2      | Found a radiant altar of Vehumet.
  1040 | D:2      | Found a glowing golden altar of the Shining One.
  1072 | D:2      | Reached skill level 1 in Spellcasting
  1300 | D:2      | Found a basalt altar of Yredelemnul.
  1301 | D:2      | Found a deep blue altar of Sif Muna.
  1475 | D:2      | Reached XP level 4. HP: 36/36 MP: 4/4
  1836 | D:3      | Noticed Robin
  1863 | D:3      | Killed Robin
  2213 | D:3      | Reached XP level 5. HP: 41/41 MP: 6/6
  2842 | D:4      | Found Ikken's General Store.
  2925 | D:4      | Reached skill level 3 in Maces & Flails
  3073 | D:4      | Found a shadowy altar of Dithmenos.
  3249 | D:4      | Reached XP level 6. HP: 29/48 MP: 6/8
  3453 | D:4      | Found an opulent altar of Gozag.
  3574 | D:5      | Entered Level 5 of the Dungeon
  3690 | D:5      | Found a sparkling altar of Nemelex Xobeh.
  3842 | D:5      | Found an opulent altar of Gozag.
  3878 | D:5      | Reached skill level 4 in Maces & Flails
  4039 | D:5      | Reached XP level 7. HP: 55/55 MP: 10/10
  4121 | D:5      | Found a staircase to the Ecumenical Temple.
  4129 | Temple   | Entered the Ecumenical Temple
  4232 | Temple   | Became a worshipper of Kikubaaqudgha
  5317 | D:6      | Reached skill level 1 in Necromancy
  5376 | D:6      | Found a snail-covered altar of Cheibriados.
  5494 | D:6      | Reached XP level 8. HP: 61/61 MP: 15/15
  5581 | D:6      | Reached skill level 5 in Maces & Flails
  5813 | D:7      | Acquired Kikubaaqudgha's first power
  5813 | D:7      | Received a gift from Kikubaaqudgha
  5814 | D:7      | Identified Kikubaaqudgha's Grimoire of Sinister Arts (Kikubaaqudgha gifted it to you on level 7 of the Dungeon)
  5818 | D:7      | Learned a level 1 spell: Animate Skeleton
  5821 | D:7      | Learned a level 2 spell: Corpse Rot
  6317 | D:7      | Reached skill level 5 in Spellcasting
  6394 | D:7      | Reached XP level 9. HP: 63/67 MP: 20/20
  6522 | D:7      | Reached skill level 6 in Maces & Flails
  6855 | D:7      | Found a white marble altar of Elyvilon.
  7104 | D:8      | Found a staircase to the Lair.
  7120 | Lair:1   | Entered Level 1 of the Lair of Beasts
  7145 | Lair:1   | Noticed a spiny frog
  7153 | Lair:1   | Reached skill level 5 in Armour
  7154 | Lair:1   | Noticed a spiny frog
  7159 | Lair:1   | Killed a spiny frog
  7167 | Lair:1   | Killed a spiny frog
  7277 | Lair:1   | Noticed a black mamba
  7295 | Lair:1   | Killed a black mamba
  7295 | Lair:1   | Reached skill level 7 in Maces & Flails
  7434 | Lair:1   | Learned a level 3 spell: Vampiric Draining
  7559 | Lair:1   | Acquired Kikubaaqudgha's second power
  7738 | Lair:1   | Noticed a komodo dragon
  7748 | Lair:1   | Killed a komodo dragon
  7827 | Lair:1   | Reached XP level 10. HP: 73/73 MP: 22/22
  7872 | Lair:1   | Noticed a fire drake
  7890 | Lair:1   | Killed a fire drake
  8563 | Lair:2   | Reached skill level 8 in Maces & Flails
  8563 | Lair:2   | Reached skill level 5 in Necromancy
  8818 | Lair:2   | Received a gift from Kikubaaqudgha
  8819 | Lair:2   | Identified Kikubaaqudgha's Tome of Evil (Kikubaaqudgha gifted it to you on level 2 of the Lair of Beasts)
  9501 | Lair:2   | Learned a level 4 spell: Control Undead
  9779 | D:8      | Reached XP level 11. HP: 59/79 MP: 2/25
  9808 | D:8      | Acquired Kikubaaqudgha's third power
 10042 | D:8      | Reached skill level 9 in Maces & Flails
 10459 | D:8      | Noticed a wandering mushroom
 10489 | D:8      | Killed a wandering mushroom
 10553 | D:8      | Noticed a wandering mushroom
 10579 | D:8      | Killed a wandering mushroom
 10793 | D:8      | Found a blossoming altar of Fedhas.
 10793 | D:8      | Noticed a wandering mushroom
 10793 | D:8      | Noticed a wandering mushroom
 10803 | D:8      | Killed a wandering mushroom
 10813 | D:8      | Killed a wandering mushroom
 12261 | D:9      | Learned a level 5 spell: Cigotuvi's Embrace
 12262 | D:10     | Entered Level 10 of the Dungeon
 12309 | D:10     | Noticed a hill giant
 12351 | D:9      | Killed a hill giant
 12605 | D:10     | Acquired Kikubaaqudgha's fourth power
 12649 | D:10     | Found a staircase to the Orcish Mines.
 12709 | D:10     | Reached skill level 10 in Maces & Flails
 12767 | D:10     | Noticed Harold
 12785 | D:10     | Killed Harold
 12833 | D:10     | Found a runed door.
 12852 | D:10     | Found a runed door.
 12936 | D:10     | Noticed Nergalle
 12970 | D:10     | Killed Nergalle
 12970 | D:10     | Reached XP level 12. HP: 80/85 MP: 24/27
 13006 | D:10     | Learned a level 5 spell: Dispel Undead
 13049 | D:10     | Noticed Psyche
 13054 | D:10     | Killed Psyche
 13320 | D:10     | Your ally Harold died
 13450 | D:11     | Noticed a centaur warrior
 13473 | D:11     | Killed a centaur warrior
 13726 | D:11     | Noticed Urug
 13744 | D:11     | Killed Urug
 13744 | D:11     | Reached skill level 1 in Dodging
 13912 | D:11     | Noticed Nessos
 13924 | D:11     | Your ally Urug died
 13928 | D:11     | Killed Nessos
 14479 | D:12     | Found a flagged portal.
 14502 | Bailey   | Entered a bailey
 14762 | D:12     | Reached skill level 11 in Maces & Flails
 15298 | D:12     | Learned a level 5 spell: Bolt of Draining
 15502 | D:13     | Noticed CcS's ghost (powerful DDNe)
 15518 | D:13     | Killed CcS's ghost
 15518 | D:13     | Reached skill level 1 in Conjurations
 15518 | D:13     | Reached XP level 13. HP: 65/96 MP: 0/28
 15548 | D:13     | Noticed a five-headed hydra
 15579 | D:13     | Killed a six-headed hydra
 16095 | D:13     | Noticed a vault guard
 16114 | D:13     | Killed a vault guard
 16114 | D:13     | Reached skill level 10 in Necromancy
 16442 | D:13     | Noticed a vault guard
 16456 | D:13     | Killed a vault guard
 16500 | D:13     | Reached skill level 5 in Fighting
 16613 | D:13     | Found a gate to the Vaults.
 17259 | D:14     | Got a spiked chain mail
 17277 | D:13     | Identified the +0 chain mail of the Castellan {Str+4} (You found it on level 14 of the Dungeon)
 17290 | D:14     | Noticed Sonja
 17305 | D:14     | Killed Sonja
 18489 | D:15     | Entered Level 15 of the Dungeon
 18489 | D:15     | Found a frozen archway.
 18520 | IceCv    | Entered an ice cave
 18612 | IceCv    | Reached XP level 14. HP: 52/108 MP: 30/30
 18829 | D:15     | Found a burning altar of Makhleb.
 20368 | Lair:3   | Learned a level 3 spell: Regeneration
 20601 | Lair:3   | Found a staircase to the Snake Pit.
 20655 | Lair:3   | Reached skill level 5 in Conjurations
 20732 | Lair:3   | Noticed Loynis' ghost (powerful FoFi)
 20737 | Lair:3   | Killed Loynis' ghost
 20750 | Lair:3   | Noticed a black mamba
 20756 | Lair:3   | Killed a black mamba
 20878 | Lair:3   | Learned a level 2 spell: Blink
 20880 | Lair:3   | Learned a level 1 spell: Apportation
 21254 | Lair:3   | Reached skill level 1 in Translocations
 23922 | Lair:5   | Reached skill level 12 in Maces & Flails
 24025 | Lair:4   | Reached skill level 5 in Dodging
 24559 | Lair:5   | Found a staircase to the Swamp.
 26143 | Lair:7   | Reached skill level 10 in Spellcasting
 27075 | Lair:8   | Entered Level 8 of the Lair of Beasts
 27620 | Lair:7   | Reached XP level 15. HP: 114/117 MP: 11/32
 27620 | Lair:7   | Reached skill level 10 in Armour
 29044 | Lair:8   | Found a staircase to the Slime Pits.
 29974 | Lair:8   | Got a warped halberd
 29981 | Lair:8   | Identified the +6 halberd of Eternal Night {chop, -Cast +Fly rElec} (You found it on level 8 of the Lair of Beasts)
 30625 | Orc:1    | Entered Level 1 of the Orcish Mines
 31113 | Orc:1    | Found a bloodstained altar of Trog.
 31477 | Orc:1    | Found a roughly hewn altar of Beogh.
 31615 | Orc:2    | Found Stroim's Distillery.
 31637 | Orc:2    | Bought a potion of haste for 140 gold pieces
 31637 | Orc:2    | Bought a potion of might for 56 gold pieces
 32495 | Orc:3    | Found a roughly hewn altar of Beogh.
 33122 | Orc:4    | Entered Level 4 of the Orcish Mines
 33241 | Orc:4    | Found a dark tunnel.
 33265 | Volcano  | Entered a volcano
 34300 | Orc:4    | Found a bloodstained altar of Trog.
 34368 | Orc:4    | Found a roughly hewn altar of Beogh.
 34401 | Orc:4    | Paralysed by an orc sorcerer for 6 turns
 34908 | Orc:4    | Reached XP level 16. HP: 124/128 MP: 21/33
 34913 | Orc:4    | Reached XP level 17. HP: 131/136 MP: 21/34
 35035 | Orc:4    | Found Ciujiec's Antique Weapon Shop.
 35054 | Orc:4    | Found Doxulya's Antique Armour Shop.
 35061 | Orc:4    | Bought an embroidered cloak for 90 gold pieces
 35112 | Orc:4    | Found Mehoh's Book Shop.
 35133 | Orc:4    | Bought the Almanac of Shifting Good Luck for 754 gold pieces
 35142 | Orc:4    | Found Ywoskal's General Store.
 35158 | Orc:4    | Bought a scroll of identify for 32 gold pieces
 35158 | Orc:4    | Bought a scroll of identify for 32 gold pieces
 35158 | Orc:4    | Bought a scroll of identify for 32 gold pieces
 35295 | Orc:4    | Found a staircase to the Elven Halls.
 35433 | Orc:4    | Reached skill level 1 in Evocations
 36243 | Orc:4    | Learned a level 5 spell: Irradiate
 36294 | Elf:1    | Entered Level 1 of the Elven Halls
 36487 | Elf:1    | Found a magical portal.
 36509 | WizLab   | Entered Eringya's Formal Garden
 36633 | WizLab   | HP: 4/134 [thorn hunter/volley of thorns (20)]
 36634 | WizLab   | Slain by a thorn hunter

Action                   |  1- 3 |  4- 6 |  7- 9 | 10-12 | 13-15 | 16-18 || total
-------------------------+-------+-------+-------+-------+-------+-------++-------
Melee: Mace              |   152 |   118 |   385 |   877 |  1094 |   162 ||  2788
       Whip              |       |   117 |       |       |       |       ||   117
       Great mace        |       |       |       |       |   409 |     2 ||   411
 Fire: Hand crossbow     |    11 |    84 |   138 |   157 |    86 |       ||   476
       Blowgun           |       |       |       |    63 |    96 |    14 ||   173
Throw: Throwing net      |       |       |       |     3 |     4 |       ||     7
 Cast: Animate Skeleton  |       |       |    15 |    96 |   286 |    29 ||   426
       Vampiric Draining |       |       |       |    95 |   328 |    33 ||   456
       Corpse Rot        |       |       |       |     8 |    16 |     2 ||    26
       Control Undead    |       |       |       |     3 |     3 |       ||     6
       Cigotuvi's Embrac |       |       |       |     1 |     2 |       ||     3
       Dispel Undead     |       |       |       |     9 |    13 |       ||    22
       Bolt of Draining  |       |       |       |       |    96 |    25 ||   121
       Apportation       |       |       |       |       |     9 |     2 ||    11
       Regeneration      |       |       |       |       |    14 |     2 ||    16
       Blink             |       |       |       |       |     9 |     4 ||    13
Invok: Receive Corpses   |       |       |       |     1 |    10 |     1 ||    12
 Abil: Evoke Flight      |       |       |       |       |     1 |       ||     1
Evoke: Wand              |       |       |     4 |    12 |     8 |       ||    24
  Use: Scroll            |       |     6 |       |     9 |    22 |     3 ||    40
       Potion            |       |     4 |     3 |     9 |     8 |     8 ||    32
 Stab: Distracted        |       |       |     1 |     7 |     8 |     1 ||    17
  Eat: Chunk             |    13 |    25 |    33 |   106 |   291 |    27 ||   495
